Map: Overgrown Facility

Players

Leonidas

  • Race: Zerg Zerg
  • League: Diamond
  • Spawn Location: 9:00

BearTearer

  • Race: Zerg Zerg
  • Spawn Location: 7:00

MonstroTown

  • Race: Terran Terran
  • Spawn Location: 1:00

Michael

  • Race: Zerg Zerg
  • League: Gold
  • Spawn Location: 3:00

VOD

Have the link to the VOD?

Description

Time

  • Played on: Sept. 28, 2018, 7:44 p.m.
  • Length: 8:02
Show
View Real Time Build Order
Export as new Build Order

Leonidas Zerg 

Build Orders: Hatch First 

Get SALT Encoding   

  12  0:05  Drone  
  13  0:13  Overlord  
  13  0:19  Drone  
  14  0:32  Drone x2  
  16  0:38  Drone  
  17  0:56  Hatchery  
  16  1:00  Extractor  
  16  1:01  Drone  
  16  1:15  Spawning Pool  
  16  1:17  Drone  
  16  1:29  Drone x2  
  18  1:41  Drone  
  19  1:49  Overlord  
  19  1:56  Drone  
  20  2:03  Metabolic Boost  
  20  2:16  Queen  
  20  2:19  Queen  
  20  2:21  Drone x2  
  26  2:26  Drone  
  26  2:27  Drone  
  28  2:31  Extractor  
  28  2:33  Drone x2  
  26  3:13  Drone x6  
  32  3:20  Roach Warren  
  32  3:25  Overlord  
  31  3:28  Drone  
  32  3:42  Zergling x2  
  32  3:43  Zergling x6  
  36  3:49  Overlord  
  36  3:59  Roach  
  36  4:00  Roach x3  
  44  4:21  Roach x3  
  44  4:22  Roach  
  52  4:27  Overlord  
  52  4:40  Overlord  
  52  4:48  Roach  
  52  4:49  Roach x3  
  60  5:15  Overlord  
  60  5:26  Ravager x4  
  60  5:27  Ravager x4  
  60  5:46  Roach x2  
  60  5:47  Roach x2  
  68  5:51  Zergling x14  
  57  6:34  Roach x9  
  74  6:40  Overlord  
  73  6:59  Ravager x2  
  76  7:01  Zergling x2  
  76  7:02  Zergling x8  
  57  7:39  Roach  
  57  7:40  Roach x5  
  69  7:53  Ravager  
  69  7:54  Hatchery  
Show
View Real Time Build Order
Export as new Build Order

BearTearer Zerg 

Build Orders: Pool First 

Get SALT Encoding   

  12  0:01  Drone  
  13  0:15  Overlord  
  13  0:18  Drone  
  14  0:34  Drone x2  
  16  0:38  Drone  
  17  0:48  Drone  
  18  0:54  Spawning Pool  
  17  0:58  Extractor  
  17  0:59  Drone  
  17  1:10  Drone  
  18  1:26  Overlord  
  18  1:31  Hatchery  
  17  1:48  Drone  
  17  1:49  Queen  
  17  1:50  Drone  
  21  1:59  Drone  
  22  2:10  Roach Warren  
  22  2:13  Extractor, Drone  
  22  2:15  Drone  
  22  2:25  Overlord  
  22  2:51  Overlord, Roach x2  
  26  2:54  Queen  
  26  2:55  Drone  
  29  3:00  Drone  
  29  3:03  Roach  
  32  3:07  Evolution Chamber  
  31  3:13  Roach  
  33  3:20  Roach  
  33  3:25  Roach  
  37  3:27  Roach  
  39  3:35  Drone, Roach  
  44  3:41  Roach  
  44  3:45  Roach  
  46  3:55  Zerg Ground Armor Level 1  
  46  3:59  Drone  
  46  4:01  Drone  
  48  4:11  Roach  
  48  4:12  Roach  
  52  4:20  Overlord  
  52  4:22  Overlord  
  52  4:29  Spore Crawler  
  52  4:30  Drone  
  52  4:40  Roach  
  52  4:44  Roach  
  56  5:02  Ravager x6  
  56  5:03  Roach  
  56  5:05  Roach  
  56  5:06  Overlord  
  60  6:20  Drone, Roach x4  
  60  6:21  Drone  
  60  6:25  Drone  
  71  6:26  Drone x2  
  71  6:27  Drone  
  74  6:51  Roach  
  76  7:01  Overlord x4  
  65  7:35  Roach x2  
  65  7:36  Drone, Roach x2  
  72  7:37  Roach  
  69  7:49  Ravager, Drone  
  69  7:50  Ravager x2  
Show
View Real Time Build Order
Export as new Build Order

MonstroTown Terran 

Build Orders: Cyclone Opening 

Get SALT Encoding   

  12  0:01  SCV  
  13  0:13  SCV  
  14  0:19  Supply Depot  
  14  0:28  Refinery  
  14  0:29  SCV  
  16  0:44  Barracks  
  16  0:46  SCV  
  16  0:56  Refinery  
  16  1:01  SCV  
  17  1:18  SCV  
  18  1:33  Factory  
  18  1:36  Reaper  
  19  1:40  Orbital Command  
  19  1:56  Supply Depot  
  19  2:06  SCV  
  20  2:13  Barracks Tech Lab  
  23  2:22  Cyclone  
  23  2:24  SCV  
  23  2:54  SCV  
  24  3:00  Stimpack  
  24  3:01  Marauder  
  26  3:06  SCV  
  26  3:11  Command Center  
  27  3:18  SCV, Cyclone  
  31  3:34  Supply Depot  
  31  3:39  SCV  
  32  3:48  Marauder  
  34  3:51  SCV  
  35  3:56  Starport  
  35  4:03  SCV, Cyclone  
  35  4:09  Marauder  
  41  4:20  Liberator  
  40  4:26  Barracks  
  40  4:29  Orbital Command  
  43  4:41  SCV  
  44  4:51  Marauder  
  46  4:54  Factory Tech Lab  
  46  5:17  Bunker  
  46  5:18  SCV  
  46  5:19  SCV  
  46  5:20  Bunker x2  
  48  5:22  Refinery  
  48  5:26  Barracks  
  45  5:37  Supply Depot x2  
  45  5:38  Supply Depot  
  45  5:40  Liberator  
  43  5:51  Marine  
  42  6:08  Marine  
  8  7:26  Starport Tech Lab  
  8  7:34  Orbital Command  
Show
View Real Time Build Order
Export as new Build Order

Michael Zerg 

Build Orders: Hatch First 

Get SALT Encoding   

  12  0:01  Drone  
  13  0:12  Overlord  
  13  0:18  Drone  
  14  0:31  Drone x2  
  14  0:34  Drone  
  17  0:45  Drone  
  18  0:57  Hatchery  
  18  1:00  Drone  
  18  1:04  Extractor  
  17  1:17  Spawning Pool  
  16  1:19  Drone  
  16  1:23  Drone  
  18  1:30  Drone  
  19  1:39  Drone  
  20  1:49  Overlord  
  20  2:03  Queen  
  20  2:08  Metabolic Boost  
  22  2:09  Queen  
  22  2:11  Zergling x2  
  22  2:14  Zergling x2  
  26  2:18  Drone  
  27  2:30  Roach Warren  
  27  2:35  Drone x2  
  27  2:38  Drone  
  27  2:41  Drone  
  29  2:52  Lair  
  29  3:00  Queen  
  31  3:07  Overlord  
  31  3:12  Overlord  
  31  3:21  Drone x3  
  34  3:30  Extractor, Drone x3  
  34  3:49  Evolution Chamber  
  34  3:51  Glial Reconstitution  
  33  3:59  Drone x6  
  33  4:00  Drone  
  33  4:01  Drone  
  41  4:09  Drone  
  42  4:10  Drone x2  
  44  4:17  Spine Crawler  
  43  4:25  Hydralisk Den  
  43  4:28  Infestation Pit  
  41  4:44  Hatchery  
  40  4:45  Spine Crawler  
  40  4:46  Zerg Ground Armor Level 1  
  39  4:59  Drone x3  
  42  5:01  Drone  
  42  5:02  Drone  
  42  5:05  Roach  
  46  5:08  Roach  
  46  5:11  Overlord  
  48  5:15  Overlord  
  48  5:21  Queen  
  50  5:29  Queen  
  52  5:41  Roach x5  
  62  5:46  Zergling x6  
  62  5:49  Overlord  
  65  5:53  Overlord  
  65  5:57  Muscular Augments  
  61  6:26  Roach  
  61  6:27  Roach x10  
  75  6:43  Roach x4  
  81  6:51  Hydralisk  
  83  7:00  Zergling x14  
  67  7:31  Roach x2  
  67  7:32  Roach x6  
Tags
 
Add a new tag
Caveats
  • Supply blocks, unpowered buildings, or Contaminate may cause inaccurate times.
  • Supply counts are checked every 10 seconds.